 Dungeon Crawl Stone Soup version 0.21.1 (webtiles) character file.

6678 pstr the Geomancer (level 11, -2/90 HPs)
             Began as a Naga Earth Elementalist on Feb 2, 2018.
             Was an Elder of Nemelex Xobeh.
             Slain by 1player's ghost (7 damage)
             ... on level 8 of the Dungeon.
             The game lasted 00:38:29 (13314 turns).

pstr the Geomancer (Naga Earth Elementalist)       Turns: 13314, Time: 00:38:30

Health: -2/90      AC: 12    Str: 12    XL:     11   Next: 3%
Magic:  24/24      EV:  8    Int: 18    God:    Nemelex Xobeh [****..]
Gold:   444        SH:  0    Dex: 14    Spells: 17/28 levels left

rFire    . . .     SeeInvis +   I - +11 falchion of Fesuq {venom, *Slow rPois Dex+3}
rCold    . . .     Gourm    .   (no shield)
rNeg     . . .     Faith    .   x - +1 troll leather armour
rPois    +         Spirit   .   (no helmet)
rElec    +         Reflect  .   L - +0 cloak
rCorr    .         Harm     .   O - +2 pair of gloves
MR       +....     Rnd*Tele +   (no barding)
Stlth    ++........             (no amulet)
HPRegen  0.65/turn              T - ring of stealth
MPRegen  0.19/turn              X - ring of teleportation (curse)

@: very heavily drained, very slow
A: large, yellow scales 1, see invisible, deformed body, poison resistance,
electricity resistance, slowness 2, slow metabolism 1, spit poison 1, AC +3
a: Spit Poison, Triple Draw, Deal Four, Renounce Religion


You were on level 8 of the Dungeon.
You worshipped Nemelex Xobeh.
Nemelex Xobeh was greatly pleased with you.
You were very hungry.

You visited 1 branch of the dungeon, and saw 9 of its levels.
You also visited: Sewer.

You collected 444 gold pieces.

Inventory:

Hand Weapons
 I - the +11 falchion of Fesuq (weapon) {venom, *Slow rPois Dex+3}
   (You found it on level 3 of the Dungeon)

   It poisons the flesh of those it strikes.
   It affects your dexterity (+3).
   It protects you from poison.
   It may slow you when you take damage.
Missiles
 r - 105 stones (quivered)
 z - 144 arrows
Armour
 x - a +1 troll leather armour (worn)
 L - a +0 cloak (worn)
 O - a +2 pair of gloves (worn)
Jewellery
 T - a ring of stealth (left hand)
 X - a cursed ring of teleportation (right hand)
Wands
 p - a wand of random effects (38)
 M - a wand of disintegration (11)
 S - a wand of enslavement (2)
 V - a wand of paralysis (8)
Scrolls
 b - 2 scrolls of blinking
 f - 7 scrolls of identify
 g - 3 scrolls of remove curse
 i - 5 scrolls of teleportation
 n - a scroll of fog
 o - 2 scrolls of magic mapping
 q - 3 scrolls of amnesia
 u - 2 scrolls of immolation
 K - a scroll of enchant weapon
 U - 2 scrolls of fear {unknown}
Potions
 a - 6 potions of might
 j - 2 potions of mutation
 k - 3 potions of flight
 v - a potion of berserk rage
 A - 2 potions of ambrosia
 C - 3 potions of brilliance
 D - a potion of agility
 G - 2 potions of curing
 N - a potion of lignification
 P - 2 potions of haste
 W - a potion of heal wounds
Books
 e - a book of Geomancy

   Spells                             Type                      Level
   a - Sandblast                      Earth                        1
   b - Passwall                       Transmutation/Earth          2
   c - Stone Arrow                    Conjuration/Earth            3
   d - Petrify                        Transmutation/Earth          4
   e - Lee's Rapid Deconstruction     Earth                        5
 w - a book of Air

   Spells                             Type                      Level
   a - Shock                          Conjuration/Air              1
   b - Swiftness                      Charms/Air                   2
   c - Static Discharge               Conjuration/Air              3
   d - Airstrike                      Air                          4
   e - Lightning Bolt                 Conjuration/Air              5
Miscellaneous
 m - a plain deck of escape
 t - a plain deck of summoning {drawn: 1}
 B - an ornate deck of summoning
 J - a plain deck of destruction
 Y - an ornate deck of summoning
Comestibles
 d - 15 rations


   Skills:
 + Level 3.4(0.0) Fighting
 + Level 3.0(0.0) Long Blades
   Level 0.5(0.0) Polearms
 + Level 2.8(0.0) Armour
 + Level 3.2(0.0) Dodging
 + Level 5.3(0.4) Stealth
 + Level 9.2(3.8) Spellcasting
 + Level 5.7(0.8) Conjurations
 + Level 0.4(0.0) Charms
   Level 1.0(0.0) Transmutations
 + Level 0.2(0.0) Air Magic
 + Level 9.5(4.0) Earth Magic


You had 17 spell levels left.
You knew the following spells:

 Your Spells              Type           Power        Failure   Level  Hunger
a - Sandblast             Erth           ###...       3%          1    None
b - Stone Arrow           Conj/Erth      ##....       22%         3    ###....
c - Swiftness             Chrm/Air       #.......     28%         2    ##.....
d - Lee's Rapid Deconstr  Erth           ###.......   69%         5    ######.


Dungeon Overview and Level Annotations

Branches:
Dungeon (9/15)             Temple (0/1) D:6            Lair (0/6) D:8
    Orc: D:9-12

Altars:
Dithmenos
Gozag
Kikubaaqudgha
Nemelex Xobeh
Okawaru
Ru
Yredelemnul
Zin

Annotations:
D:8 1player's ghost, novice GrFi


Innate Abilities, Weirdness & Mutations

You cannot wear boots.
Your serpentine skin is tough. (AC +3)
You have supernaturally acute eyesight. (SInv)
Armour fits poorly on your strangely shaped body.
Your system is resistant to poisons. (rPois)
You cover ground very slowly.
You have a slow metabolism.
You can spit poison.
You are partially covered in yellow scales. (AC +2)
You are resistant to electric shocks. (rElec)


Message History

1player's ghost hits you.
You feel drained. 1player's ghost hits you but does no damage.
You feel drained. 1player's ghost hits you!
You feel drained. 1player's ghost hits you!
You feel drained. 1player's ghost hits you!
You feel drained. 1player's ghost hits you but does no damage.
You feel drained. 1player's ghost hits you.
You feel drained. 1player's ghost hits you.
You feel drained. 1player's ghost hits you!
* * * LOW HITPOINT WARNING * * *
You feel drained.
* * * LOW HITPOINT WARNING * * *
You feel yourself speed up. 1player's ghost hits you!
* * * LOW HITPOINT WARNING * * *
You feel drained.
You die...
Your body glows slightly and disappears.

#.........[).....#
#<..............#######
#......[[.))....#......
#........[..|..........
#......................
#...................... ##
#.........)...........# ..
#####..................
.######.@...............# ..##
......#.W........####..##
..O..##...#.#...........###.##
#.........................
#...#.................
#................#####
###)...............#####
#######.....................>##
..##......................##..#


You could see 1player's ghost.

Vanquished Creatures
  2 two-headed ogres
  A hippogriff (D:7)
  A wyvern (D:8)
  2 hungry ghosts
  Menkaure (D:3)
  2 water moccasins
  2 black bears
  4 orc warriors
  3 ice beasts (D:6)
  A hornet zombie (D:9)
  A necrophage (D:9)
  4 ogres
  2 phantoms
  3 centaurs
  2 bullfrogs
  3 big kobolds (Sewer)
  A wyvern skeleton (D:9)
  3 scorpions
  9 killer bees (D:8)
  5 wights
  A howler monkey (D:5)
  2 crimson imps
  A hound (D:6)
  4 jellies
  7 orc priests
  A gnoll shaman (D:7)
  3 orc wizards
  3 centaur skeletons
  An iguana (D:6)
  15 worker ants
  A hound zombie (D:9)
  A hound skeleton (D:9)
  5 worker ant zombies
  2 howler monkey zombies (D:5)
  9 adders
  12 gnolls
  7 river rats
  3 shadow imps
  An ooze (Sewer)
  2 adder zombies
  4 worms
  2 dart slugs (D:4)
  A leopard gecko (D:7)
  28 orcs
  3 giant cockroaches
  2 goblins (D:1)
  8 hobgoblins
  3 jackals (D:6)
  2 quokkas
  8 ball pythons
  10 bats
  3 frilled lizards
  A jackal skeleton (D:4)
  19 kobolds
  A quokka skeleton (D:9)
  2 quokka zombies
  23 rats
253 creatures vanquished.

Vanquished Creatures (collateral kills)
  A gnoll (D:3)
  An orc (D:3)
2 creatures vanquished.

Grand Total: 255 creatures vanquished

Notes
Turn   | Place    | Note
-------+----------+-------------------------------------------
     0 | D:1      | pstr the Naga Earth Elementalist began the quest for the Orb.
     0 | D:1      | Reached XP level 1. HP: 15/15 MP: 3/3
   270 | D:1      | Reached XP level 2. HP: 13/22 MP: 0/5
  1323 | D:2      | Reached XP level 3. HP: 27/28 MP: 3/6
  1593 | D:2      | Reached XP level 4. HP: 36/36 MP: 6/8
  1598 | D:2      | Learned a level 3 spell: Stone Arrow
  1948 | D:3      | Found a transporter.
  1963 | D:3      | Found a transporter.
  1971 | D:3      | Noticed a hungry ghost
  2112 | D:3      | Found an iron altar of Okawaru.
  2242 | D:3      | Found a sparkling altar of Nemelex Xobeh.
  2262 | D:3      | Became a worshipper of Nemelex Xobeh the Trickster
  2297 | D:3      | Received a gift from Nemelex Xobeh
  2628 | D:3      | Found a shadowy altar of Dithmenos.
  2862 | D:3      | Found an ancient bone altar of Kikubaaqudgha.
  2866 | D:3      | Noticed Menkaure
  2872 | D:3      | Found a basalt altar of Yredelemnul.
  3039 | D:3      | Reached XP level 5. HP: 32/42 MP: 1/9
  3429 | D:4      | Noticed a phantom
  3452 | D:4      | Killed a phantom
  3452 | D:4      | Reached skill level 1 in Conjurations
  3539 | D:4      | Reached * piety under Nemelex Xobeh
  3825 | D:4      | Reached skill level 5 in Earth Magic
  3825 | D:4      | Reached XP level 6. HP: 43/49 MP: 0/11
  3917 | D:4      | Found a glowing silver altar of Zin.
  4422 | D:5      | Entered Level 5 of the Dungeon
  4441 | D:5      | Received a gift from Nemelex Xobeh
  4491 | D:5      | Gained mutation: You are partially covered in yellow scales. (AC +2) [potion of mutation]
  4491 | D:5      | Gained mutation: You are resistant to electric shocks. (rElec) [potion of mutation]
  4554 | D:5      | Reached skill level 1 in Armour
  4554 | D:5      | Reached XP level 7. HP: 56/56 MP: 3/13
  4609 | D:5      | Found a glowing drain.
  4661 | Sewer    | Entered a sewer
  6012 | D:5      | Reached skill level 5 in Spellcasting
  6012 | D:5      | Reached XP level 8. HP: 63/63 MP: 4/15
  6379 | D:5      | Reached ** piety under Nemelex Xobeh
  6677 | D:5      | Found an opulent altar of Gozag.
  7000 | D:3      | Learned a level 2 spell: Swiftness
  7006 | D:3      | Learned a level 5 spell: Lee's Rapid Deconstruction
  7368 | D:3      | Reached skill level 1 in Fighting
  7371 | D:3      | Killed Menkaure
  7469 | D:3      | Got an ivory falchion
  7497 | D:3      | Identified the +11 falchion of Fesuq {venom, *Slow rPois Dex+3} (You found it on level 3 of the Dungeon)
  7778 | D:6      | Received a gift from Nemelex Xobeh
  7781 | D:6      | Found a staircase to the Ecumenical Temple.
  7828 | D:6      | Reached XP level 9. HP: 70/70 MP: 0/18
  8079 | D:6      | Reached skill level 5 in Stealth
  8686 | D:6      | Reached skill level 1 in Long Blades
  8859 | D:6      | Found a sacrificial altar of Ru.
  9042 | D:7      | Received a gift from Nemelex Xobeh
  9735 | D:7      | Reached *** piety under Nemelex Xobeh
  9964 | D:8      | Got an ancient flail
  9965 | D:8      | Identified the +4 flail "Jeydaut" {crush, *Noise MR+++ Str-4 Int+2} (You found it on level 8 of the Dungeon)
 10189 | D:8      | Reached XP level 10. HP: 76/82 MP: 14/21
 10746 | D:8      | Found a staircase to the Lair.
 11132 | D:8      | Reached skill level 5 in Conjurations
 11294 | D:8      | Noticed 1player's ghost (novice GrFi)
 11311 | D:9      | Found a sparkling altar of Nemelex Xobeh.
 12656 | D:9      | Noticed a two-headed ogre
 12657 | D:9      | Reached **** piety under Nemelex Xobeh
 12666 | D:9      | Killed a two-headed ogre
 13069 | D:9      | Received a gift from Nemelex Xobeh
 13211 | D:8      | Noticed a two-headed ogre
 13219 | D:8      | Killed a two-headed ogre
 13219 | D:8      | Reached XP level 11. HP: 88/90 MP: 8/24
 13314 | D:8      | Slain by 1player's ghost

Skill      XL: |  1  2  3  4  5  6  7  8  9 10 |
---------------+-------------------------------+-----
Earth Magic    | 4 5 6 7 8 9 |  9.5
Spellcasting   | 3 4 5 6 7 9 |  9.2
Conjurations   | 1 2 3 4 5 |  5.7
Armour         | 1 2 |  2.8
Dodging        | 2 3 |  3.2
Fighting       | 1 2 3 |  3.4
Stealth        | 4 5 |  5.3
Long Blades    | 2 3 |  3.0
Polearms       | |  0.5
Charms         | |  0.4
Transmutations | |  1.0
Air Magic      | |  0.2

Action                   |  1- 3 |  4- 6 |  7- 9 | 10-12 || total
-------------------------+-------+-------+-------+-------++-------
Melee: Unarmed           |     2 |     3 |       |       ||     5
       Dagger            |       |    14 |    12 |       ||    26
       Falchion          |       |       |     9 |    18 ||    27
       Trident           |       |       |     2 |       ||     2
 Cast: Sandblast         |    35 |    31 |    63 |    33 ||   162
       Stone Arrow       |       |    30 |   130 |   103 ||   263
       Lee's Rapid Decon |       |       |    11 |     3 ||    14
       Swiftness         |       |       |     4 |       ||     4
 Abil: Spit Poison       |     4 |    12 |     5 |     2 ||    23
Evoke: Deck              |       |     1 |       |       ||     1
  Use: Potion            |       |     1 |    10 |       ||    11
       Scroll            |       |       |    16 |       ||    16
  Eat: Chunk             |     2 |     9 |    21 |    11 ||    43
       Ration            |       |     1 |     2 |       ||     3
Armor: Robe              |     2 |     4 |       |       ||     6
       Troll leather arm |       |     7 |    70 |    54 ||   131
Dodge: Dodged            |    20 |    35 |    89 |    45 ||   189
       Rpst.: Falchion   |       |       |     9 |    15 ||    24
